 Dungeon Crawl Stone Soup version 0.31-a0-662-g684573625c (webtiles) character file.

Game seed: 9050198041291855088

92 cforsyth the Trooper (level 4, -4/37 HPs)
             Began as a Djinni Cinder Acolyte on Sept 1, 2023.
             Was a High Priest of Ignis.
             Slain by Sigmund
             ... wielding a +3 scythe of flaming
              (11 damage)
             ... on level 3 of the Dungeon.
             The game lasted 00:01:52 (2112 turns).

cforsyth the Trooper (Djinni Cinder Acolyte)        Turns: 2112, Time: 00:01:53

Health: -4/37      AC:  2    Str: 13    XL:     4   Next: 90%
Gold:   150        EV: 11    Int: 17    God:    Ignis [*****.] SH:  0 Dex:  9

rFire   + + +        a - -1 falchion (flame)
rCold   x . .        (no shield)
rNeg    . . .        b - +0 robe
rPois   ∞            (no helmet)
rElec   .            (no cloak)
rCorr   .            (no gloves)
SInv    .            (boots unavailable)
Will    .....        (no amulet)
Stlth   +            (no ring)
HPRegen 0.26/turn    (no ring)
MPRegen 0.00/turn

%: infuse magic (-5 HP)
@: flying
A: sickness immunity, fire resistance 2, cold vulnerability 1, float, innate
caster, HP casting, extra vitality 1
a: Renounce Religion, Fiery Armour, Foxfire Swarm, Rising Flame


You were on level 3 of the Dungeon.
You worshipped Ignis.
Ignis was extremely pleased with you.
You visited 1 branch of the dungeon, and saw 3 of its levels.

You collected 150 gold pieces.

Inventory:

Hand Weapons
 a - a -1 falchion of flaming (weapon)
Armour
 b - a +0 robe (worn)
Scrolls
 c - 6 scrolls of identify {unknown}
 f - a scroll of enchant armour {unknown}
 h - a scroll of enchant weapon {unknown}
 i - a scroll of poison {unknown}
Potions
 d - a potion of mutation {unknown}
 e - a potion of brilliance {unknown}
 g - a potion of resistance {unknown}


   Skills:
 + Level 4.2 Fighting
 - Level 2.6 Long Blades
 + Level 3.2 Spellcasting
 + Level 3.2 Conjurations
 + Level 3.2 Hexes
 + Level 3.2 Summonings
 + Level 3.2 Necromancy
 + Level 3.2 Translocations
 + Level 3.2 Transmutations
 + Level 3.2 Fire Magic
 + Level 3.2 Ice Magic
 + Level 3.2 Air Magic
 + Level 3.2 Earth Magic
 + Level 3.2 Poison Magic


You knew the following spells:

 Your Spells              Type           Power      Damage    Failure   Level
a - Scorch                Fire           26%        2d6       7%          2
b - Shock                 Conj/Air       52%        1d6       4%          1
Your spell library was empty.

Dungeon Overview and Level Annotations

Branches:
Dungeon (3/15)

Altars:

Shops:
D:1 :

Annotations:
D:3 Sigmund


Innate Abilities, Weirdness & Mutations

You are immune to sickness and miasma.
You are immune to poison.
Your flesh is very heat resistant. (rF++)
You are vulnerable to cold. (rC-)
You float through the air rather than walking.
You learn spells naturally, not from books.
Your magical power is your life essence.
You have superior vitality. (+4 MHP)


Message History

You are too injured to fight recklessly!
You are too injured to fight recklessly!
The orc barely misses you.
The orc wizard hits you but does no damage.
The orc wizard attacks as it pursues you!
The orc wizard hits you with a +0 dagger.
The orc wizard casts a spell.
The orc wizard flickers and vanishes!
Deactivating autopickup; reactivate with Ctrl-A.
There is an open door here.
You hit the orc. You burn the orc.
The orc is severely wounded.
The orc barely misses you.
You hit the orc. You burn the orc.
You kill the orc!
You barely miss something. Something hits you.
Sigmund points at you and mumbles some strange words.
The magic dart hits something!
You barely miss something. Something hits you but does no damage.
Sigmund closely misses you. Something hits you.
Unknown command.
Unknown command.
Casting: Scorch (safe; 7% risk of failure)
Confirm with . or Enter, or press ? or * to list all spells.
Flames lash Sigmund.
Sigmund is lightly wounded.
Sigmund's fire resistance burns away.
Sigmund points at you and mumbles some strange words.
The puff of flame hits you. You resist.
* * * LOW HITPOINT WARNING * * *
Something hits you.
* * * LOW HITPOINT WARNING * * *
Casting: Scorch (safe; 7% risk of failure)
Confirm with . or Enter, or press ? or * to list all spells.
Flames lash Sigmund.
Sigmund is burned terribly!
Sigmund is heavily wounded.
* * * LOW HITPOINT WARNING * * *
Sigmund hits you from afar with a +3 scythe of flaming!
You die...
Sigmund begins carving another notch in his scythe.

#..........###.....#.#
....#................#
.#####.#.............#
#..#............#
##.........####.#
###............#
#.......######
#.......#
#...#@##########
#...#{##<.@.....
#.....@.########
##..(....# ####
#........#
#..#######........#
#..##.............#
#..##.#...#.....###
#.....#.#.#.##.####.#


You could see Sigmund (combustible).

Vanquished Creatures
  2 orc wizards (D:3)
  3 adders
  2 orcs (D:3)
  A ball python (D:1)
  5 endoplasms
  2 giant cockroaches (D:2)
  5 goblins
  A quokka (D:1)
  3 bats (D:2)
  2 frilled lizards
  2 kobolds (D:1)
  3 rats
31 creatures vanquished.

Notes
Turn   | Place    | Note
-------+----------+-------------------------------------------
     0 | D:1      | cforsyth the Djinni Cinder Acolyte began the quest for the
                  | Orb.
     0 | D:1      | cforsyth set off with the following spells memorised:
                  | Scorch.
     0 | D:1      | Reached XP level 1. HP: 20/20 MP: 0/0
   253 | D:1      | Found Ompaonk's Vocational Training.
   332 | D:1      | Reached XP level 2. HP: 21/25 MP: 0/0
   920 | D:2      | Reached XP level 3. HP: 13/30 MP: 0/0
   920 | D:2      | Learned a level 1 spell: Shock
  1695 | D:3      | Reached XP level 4. HP: 20/37 MP: 0/0
  1796 | D:3      | Found a faded altar of an unknown god.
  1847 | D:3      | Reached skill level 4 in Fighting
  1859 | D:3      | HP: 1/37 [something/magic dart (5)]
  2100 | D:3      | Noticed Sigmund
  2112 | D:3      | Slain by Sigmund

Illustrated notes

Levels and vault maps discovered:
D:1:      sevenhm_arrival_forest_fort_small_4, layout_basic,
          nicolae_shop_vocational
D:2:      layout_loops_ring
D:3:      layout_basic, shapermc_ecumenical_altar_gd, kennysheep_pointless_box,
          serial_bayou_pond_a, minmay_parallelograms, uniq_sigmund

Skill      XL: |  1  2  3  4 |
---------------+-------------+-----
Spellcasting   | 3 |  3.2
Conjurations   | 3 |  3.2
Hexes          | 3 |  3.2
Summonings     | 3 |  3.2
Necromancy     | 3 |  3.2
Translocations | 3 |  3.2
Transmutations | 3 |  3.2
Fire Magic     | 3 |  3.2
Ice Magic      | 3 |  3.2
Air Magic      | 3 |  3.2
Earth Magic    | 3 |  3.2
Poison Magic   | 3 |  3.2
Fighting       | 4 |  4.2
Long Blades    | |  2.6

Action                     |  1- 3 |  4- 6 || total
---------------------------+-------+-------++-------
  Melee: Falchion          |   119 |    14 ||   133
         Punch             |     1 |       ||     1
   Cast: Scorch            |       |     9 ||     9
 Invoke: Fiery Armour      |       |     1 ||     1
 Armour: Robe              |    65 |    24 ||    89
  Dodge: Dodged            |    78 |    10 ||    88

Table legend: (Time is in decaauts)
 A = Elapsed time spent in this place.
 B = Non-inter-level travel time spent in this place.
 C = Inter-level travel time spent in this place.
 D = Time resting spent in this place.
 E = Time spent auto-exploring this place.
 F = Levels seen in this place.
 G = Mean time per level.
                   A        B        C        D        E       F      G
               +--------+--------+--------+--------+--------+-----+--------+
         Total |   2135 |   2102 |     33 |    232 |   1585 |   3 |  711.7 |
       Dungeon |   2135 |   2102 |     33 |    232 |   1585 |   3 |  711.7 |
               +--------+--------+--------+--------+--------+-----+--------+

Top non-repeatable levels by time:
     D:2: 1027 daAuts
     D:1: 821 daAuts
     D:3: 286 daAuts
